 Dungeon Crawl Stone Soup version 0.25.1-3-ge44b62a0b3 (webtiles) character file.

Game seed: 9761467918685192002

1444 Cazemata the Cleaver (level 8, -4/64 HPs)
             Began as a Minotaur Berserker on Nov 23, 2020.
             Was a Priest of Trog.
             Splashed by a jelly's acid (6 damage)
             ... on level 6 of the Dungeon.
             The game lasted 00:15:02 (5104 turns).

Cazemata the Cleaver (Minotaur Berserker)           Turns: 5104, Time: 00:15:04

Health: -4/64      AC:  6    Str: 31    XL:     8   Next: 46%
Magic:  0/7        EV: 12    Int:  6    God:    Trog [***...]
Gold:   306        SH:  0    Dex:  9    Spells: 7/7 levels left

rFire    . . .     SeeInvis .   a - +1 hand axe
rCold    . . .     Gourm    .   (no shield)
rNeg     . . .     Faith    .   r - +1 leather armour of Monotheism {Str+8}
rPois    .         Spirit   +   (helmet restricted)
rElec    .         Reflect  .   A - +0 cloak
rCorr    .         Harm     .   (no gloves)
MR       ++...                  e - +0 pair of boots
Stlth    +.........             k - amulet of guardian spirit
HPRegen  1.20/turn              (no ring)
MPRegen  0.10/turn              (no ring)

@: regenerating (expiring)
A: retaliatory headbutt, horns 2
a: Berserk, Trog's Hand, Renounce Religion


You were on level 6 of the Dungeon.
You worshipped Trog.
Trog was most pleased with you.
You were very hungry.

You visited 1 branch of the dungeon, and saw 6 of its levels.

You collected 306 gold pieces.

Inventory:

Hand Weapons
 a - a +1 hand axe (weapon)
 x - the +10 rapier of Dissatisfaction {flame, *Rage rPois rF+}
   (You found it on level 4 of the Dungeon)

   It has been specially enchanted to burn those struck by it, causing extra
   injury to most foes and up to half again as much damage against particularly
   susceptible opponents.
   It protects you from fire.
   It protects you from poison.
   It may make you go berserk in combat.
Missiles
 o - 18 poisoned darts (quivered)
Armour
 e - a +0 pair of boots (worn)
 j - a +0 buckler
 r - the +1 leather armour of Monotheism (worn) {Str+8}
   (You found it on level 4 of the Dungeon)

   It affects your strength (+8).
 A - a +0 cloak (worn)
Jewellery
 b - an uncursed amulet of reflection {unknown}
 k - an amulet of guardian spirit (around neck)
 m - a +6 ring of strength {unknown}
 v - an uncursed ring of poison resistance {unknown}
Wands
 g - a wand of acid (8)
 w - a wand of flame (18)
 B - a wand of disintegration (8)
Scrolls
 f - 6 scrolls of enchant armour
 l - a scroll of fear
 n - 5 scrolls of remove curse
 t - 2 scrolls of teleportation
 u - a scroll of enchant weapon
 y - 2 scrolls of identify
Potions
 d - a potion of cancellation
 h - a potion of degeneration {unknown}
 i - a potion of curing {unknown}
 p - a potion of stabbing {unknown}
 q - 2 potions of haste {unknown}
 s - a potion of might {unknown}
 z - a potion of heal wounds {unknown}
 C - a potion of ambrosia {unknown}
Comestibles
 c - 12 rations


   Skills:
 - Level 3.6 Fighting
 - Level 0.2 Short Blades
 * Level 12.6 Axes
 - Level 2.4 Armour
 - Level 2.1 Dodging


You had 7 spell levels left.
You didn't know any spells.
Your spell library was empty.

Dungeon Overview and Level Annotations

Branches:
Dungeon (6/15)
 Temple: D:4-7

Altars:
Fedhas
Qazlal
Xom


Innate Abilities, Weirdness & Mutations

You reflexively headbutt those who attack you in melee.
You have a pair of horns on your head.


Message History

* * * LOW HITPOINT WARNING * * *
You hit the jelly but do no damage.
Your hands burn!
* * * LOW HITPOINT WARNING * * *
The jelly is severely wounded.
You hit the jelly but do no damage.
Your hands burn!
* * * LOW HITPOINT WARNING * * *
The jelly is severely wounded.
The jelly hits you.
* * * LOW HITPOINT WARNING * * *
The acid corrodes you!
You are splashed with acid!
* * * LOW HITPOINT WARNING * * *
Unknown command.
It was a potion of cancellation.
Your magical effects are unravelling.
You feel magically purged.
You are no longer corroded.
The jelly hits you.
* * * LOW HITPOINT WARNING * * *
You are splashed with acid.
You die...

...# #.### ...# ######.#
...#####.....##
.......####### #######
...##.# ##########÷..÷..#
...>.(###......##'P..PPP#
...##(##.......#J#......#
..###(').......#J#PPPP.P#
.###..)).......#@#..÷J..#
..##..'......#'#(#P..PPP#
......##.....#.#.#JJJ..÷#
....#####....#.#(#PP.JPP#
....# #######.##.....(#
....# ### ....# ....#
...##


You could see a jelly and an ooze.

Vanquished Creatures
  Grinder (D:5)
  A slime creature (D:6)
  2 ice beasts
  A centaur (D:5)
  A big kobold (D:6)
  A bullfrog (D:6)
  A scorpion (D:5)
  2 howler monkeys
  A crimson imp (D:5)
  2 hounds
  4 jellies
  2 iguanas
  2 worker ants
  An orc wizard (D:3)
  A howler monkey skeleton (D:6)
  7 gnolls
  7 adders
  2 oozes (D:1)
  An adder zombie (D:5)
  2 worms
  A dart slug (D:1)
  3 leopard geckos
  5 orcs
  6 goblins
  4 hobgoblins
  A jackal (D:5)
  13 kobolds
  3 quokkas
  A bat (D:2)
  5 frilled lizards
  A leopard gecko skeleton (D:4)
  4 rats
89 creatures vanquished.

Vanquished Creatures (others)
  A fungus (D:6)
  2 toadstools (D:6)
3 creatures vanquished.

Grand Total: 92 creatures vanquished

Notes
Turn   | Place    | Note
-------+----------+-------------------------------------------
     0 | D:1      | Cazemata the Minotaur Berserker began the quest for the
                  | Orb.
     0 | D:1      | Reached XP level 1. HP: 19/19 MP: 0/0
   172 | D:1      | Reached skill level 4 in Axes
   201 | D:1      | Reached XP level 2. HP: 26/26 MP: 1/1
   958 | D:2      | Reached skill level 5 in Axes
  1143 | D:2      | Reached XP level 3. HP: 27/31 MP: 2/2
  1646 | D:3      | Reached ** piety under Trog
  1843 | D:3      | Reached skill level 6 in Axes
  1843 | D:3      | Reached XP level 4. HP: 30/39 MP: 3/3
  2100 | D:3      | Noticed an ice beast
  2105 | D:3      | Killed an ice beast
  2105 | D:3      | Reached skill level 7 in Axes
  2105 | D:3      | Reached XP level 5. HP: 45/45 MP: 4/4
  2441 | D:4      | Got a dazzling leather armour
  2466 | D:4      | Identified the +1 leather armour of Monotheism {Str+8} (You
                  | found it on level 4 of the Dungeon)
  2528 | D:4      | Reached skill level 8 in Axes
  2822 | D:4      | Reached XP level 6. HP: 40/51 MP: 3/5
  3036 | D:4      | Found a stormy altar of Qazlal.
  3036 | D:4      | Found a blossoming altar of Fedhas.
  3045 | D:4      | Got a shimmering rapier
  3307 | D:5      | Entered Level 5 of the Dungeon
  3342 | D:5      | Noticed Grinder
  3359 | D:5      | Killed Grinder
  3359 | D:5      | Reached skill level 9 in Axes
  3359 | D:5      | Reached XP level 7. HP: 30/57 MP: 3/6
  3588 | D:5      | Identified the +10 rapier of Dissatisfaction {flame, *Rage
                  | rPois rF+} (You found it on level 4 of the Dungeon)
  3605 | D:5      | Reached skill level 10 in Axes
  4402 | D:5      | Found a shimmering altar of Xom.
  4493 | D:5      | Reached skill level 11 in Axes
  4912 | D:6      | Reached XP level 8. HP: 57/64 MP: 5/7
  5037 | D:6      | Reached skill level 12 in Axes
  5062 | D:6      | Noticed a slime creature
  5069 | D:6      | Reached *** piety under Trog
  5091 | D:6      | Killed a slime creature
  5103 | D:6      | HP: 3/64 [acid (8)]
  5104 | D:6      | Splashed by a jelly's acid

Illustrated notes

Levels and vault maps discovered:
D:1:      minmay_arrival_up_and_down, layout_basic
D:2:      layout_basic
D:3:      layout_rooms, first_ration, item_on_display_a
D:4:      layout_cave_pools, grunt_temple_overflow_forces_of_nature,
          kennysheep_nub, glass_columns_b
D:5:      layout_loops_ring, lemuel_crystal_altar,
          kennysheep_opposing_triangles, uniq_grinder
D:6:      cheibrodos_fertilizer, layout_rooms, gammafunk_temple_overflow_claw,
          minmay_temple_entry_fiery, serial_shops, nicolae_shop_crystal,
          uniq_pikel

Skill      XL: |  1  2  3  4  5  6  7  8 |
---------------+-------------------------+-----
Axes           | 4 5 6 7 8 9 11 12 | 12.6
Fighting       | |  3.6
Short Blades   | |  0.2
Armour         | |  2.4
Dodging        | |  2.1

Action                   |  1- 3 |  4- 6 |  7- 9 || total
-------------------------+-------+-------+-------++-------
Melee: Hand axe          |    73 |    82 |   105 ||   260
       Headbutt          |     9 |    13 |    25 ||    47
       Rapier            |       |       |     9 ||     9
Invok: Trog's Hand       |       |       |     1 ||     1
  Use: Scroll            |     9 |     1 |     1 ||    11
       Potion            |       |       |     1 ||     1
  Eat: Chunk             |     3 |     2 |     4 ||     9
       Ration            |       |     1 |       ||     1
Armor: Animal skin       |     2 |       |       ||     2
       Leather armour    |    10 |    17 |    20 ||    47
Dodge: Dodged            |    47 |    28 |    66 ||   141
